[Event "Titled Tuesday Blitz May 03 Late 2022"]
[White "Issani, Nameer"]
[Black "Sliwicki, Damian"]
[WhiteFideId "2619130"]
[BlackFideId "1127128"]
[WhiteElo "2707"]
[BlackElo "2084"]
[Result "1-0"]
[Round "02"]
[TimeControl "180+1"]
[Date "2022.05.03"]
[WhiteClock "0:00:25"]
[BlackClock "0:00:01"]

1. d4 Nf6 2. c4 e6 3. Nc3 Bb4 4. e3 O-O 5. Ne2 d6 6. a3 Bxc3+ 7. Nxc3 e5 8. Be2 Nc6 9. O-O Re8 10. b4 Bf5 11. Bb2 h6 12. d5 Ne7 13. f3 e4 14. fxe4 Nxe4 15. Nxe4 Bxe4 16. Bd3 Ng6 17. Bd4 Qg5 18. Bxe4 Rxe4 19. Qf3 Re7 20. Rac1 Rae8 21. c5 dxc5 22. bxc5 Rxe3 23. Bxe3 Rxe3 24. Qxf7+ Kh7 25. Qf5 Qe7 26. Rc4 Re5 27. Qd3 Re3 28. Qd1 Re2 29. Rg4 Qe3+ 30. Kh1 Ne5 31. Rg3 Qe4 32. d6 cxd6 33. cxd6 Ng4 34. d7 Nf2+ 35. Rxf2 Re1+ 36. Rf1 Rxd1 37. Rxd1 Qd3 38. Rgxd3 1-0


[Site "https://www.chess.com"]

[Event "Titled Tuesday Blitz May 03 Late 2022"]
[White "Janaszak, Dawid"]
[Black "Bortnyk, Olexandr"]
[WhiteFideId "1119206"]
[BlackFideId "14120828"]
[WhiteElo "2199"]
[BlackElo "2723"]
[Result "1-0"]
[Round "02"]
[TimeControl "180+1"]
[Date "2022.05.03"]
[WhiteClock "0:00:10"]
[BlackClock "0:00:06"]

1. e4 Nf6 2. e5 Nd5 3. d4 d6 4. Nf3 dxe5 5. Nxe5 c6 6. Be2 Bf5 7. O-O Nd7 8. f4 Nxe5 9. fxe5 e6 10. Bd3 Bxd3 11. Qxd3 Qh4 12. c3 f6 13. Nd2 O-O-O 14. Nf3 Qh5 15. a4 Qg6 16. Qc4 Be7 17. b4 Qc2 18. Bd2 fxe5 19. Rfc1 Qe4 20. b5 c5 21. Re1 Qf5 22. Rxe5 Qg6 23. Rae1 Kb8 24. Rxe6 Bf6 25. dxc5 Qf5 26. c6 Rc8 27. Qe4 Qxe4 28. R1xe4 Bxc3 29. Bxc3 Nxc3 30. Rc4 Nd5 31. Ne5 bxc6 32. Nxc6+ Ka8 33. Rd4 Nc7 34. Re7 Kb7 35. Rdd7 Rhf8 36. a5 a6 37. Nb4 axb5 38. Nd5 Kc6 39. Nxc7 b4 40. h3 b3 41. Rd1 b2 42. Rb1 Rxc7 43. Rxc7+ Kxc7 44. Rxb2 Rf5 45. Ra2 Kb7 46. a6+ Ka7 47. Kh2 h5 48. g4 hxg4 49. hxg4 Rf3 50. Kg2 Rb3 51. Re2 Kxa6 52. Re7 g5 53. Re5 Kb6 54. Rxg5 Kc6 55. Re5 Kd6 56. Re2 Kd5 57. g5 Kd4 58. Kh2 Rb5 59. g6 Rh5+ 60. Kg1 Rg5+ 61. Rg2 Ra5 62. g7 Ra1+ 63. Kh2 Ra5 64. g8=Q Rh5+ 65. Kg1 Re5 66. Qg7 Kd5 67. Rg5 Rxg5+ 68. Qxg5+ Kc6 69. Kf2 Kb7 70. Ke3 Ka8 71. Kd4 1-0


[Site "https://www.chess.com"]

[Event "Titled Tuesday Blitz May 03 Late 2022"]
[White "Jegorovas, Aleksandras"]
[Black "Prieto Aranguren, Alain"]
[WhiteFideId "12801950"]
[BlackFideId "2268906"]
[WhiteElo "2247"]
[BlackElo "2235"]
[Result "1-0"]
[Round "02"]
[TimeControl "180+1"]
[Date "2022.05.03"]
[WhiteClock "0:01:42"]
[BlackClock "0:01:31"]

1. Nf3 g6 2. c4 Bg7 3. Nc3 d6 4. e4 Nd7 5. d4 e5 6. Be2 Ne7 7. O-O Nc6 8. Be3 exd4 9. Nxd4 Nde5 10. f3 O-O 11. Qd2 Be6 12. Nd5 Nxd4 13. Bxd4 c6 14. Ne3 c5 15. Bc3 Nc6 16. Bxg7 Kxg7 17. Rad1 Nd4 18. Nc2 Nxe2+ 19. Qxe2 Qb6 20. b3 a5 21. f4 f5 22. e5 dxe5 23. Qxe5+ Rf6 24. Rd6 1-0


[Site "https://www.chess.com"]

[Event "Titled Tuesday Blitz May 03 Late 2022"]
[White "Jian, Alex"]
[Black "Goltsev, Dmitry"]
[WhiteFideId "30901022"]
[BlackFideId "24176710"]
[WhiteElo "2111"]
[BlackElo "2273"]
[Result "0-1"]
[Round "02"]
[TimeControl "180+1"]
[Date "2022.05.03"]
[WhiteClock "0:00:05"]
[BlackClock "0:02:20"]

1. Nf3 d5 2. b3 c6 3. Bb2 Nf6 4. e3 g6 5. Be2 Bg7 6. O-O O-O 7. c4 Nbd7 8. d4 Re8 9. Nc3 e6 10. Rc1 Ne4 11. Bd3 f5 12. Ne2 a6 13. Ne1 b5 14. Nf4 Ndf6 15. c5 g5 16. Ne2 g4 17. Nf4 Ng5 18. Be2 Qe7 19. Ned3 Nd7 20. a4 e5 21. dxe5 Nxe5 22. Nxe5 Bxe5 23. Bxe5 Qxe5 24. Qd4 Qxd4 25. exd4 Re4 26. g3 Rxd4 27. Rfd1 Re4 28. Bd3 Re5 29. Kg2 Nf3 30. Be2 Ng5 31. Bd3 Bd7 32. Ra1 b4 33. Be2 a5 34. Re1 Rae8 35. Kf1 Bc8 36. Nd3 R5e7 37. Nf4 Kf7 38. Bd3 Rxe1+ 39. Rxe1 Rxe1+ 40. Kxe1 Nf3+ 41. Kf1 Nxh2+ 42. Ke2 Nf3 43. Nh5 Nd4+ 44. Ke3 Nxb3 45. Kf4 Nxc5 46. Bxf5 Bxf5 47. Kxf5 b3 0-1


[Site "https://www.chess.com"]

[Event "Titled Tuesday Blitz May 03 Late 2022"]
[White "Kalavannan, Koby"]
[Black "Skuhala, Barbara"]
[WhiteFideId "425753"]
[BlackFideId "14605465"]
[WhiteElo "1927"]
[BlackElo "2155"]
[Result "1-0"]
[Round "02"]
[TimeControl "180+1"]
[Date "2022.05.03"]
[WhiteClock "0:00:28"]
[BlackClock "0:00:44"]

1. d4 Nf6 2. c4 e6 3. g3 d5 4. Bg2 Be7 5. Nf3 O-O 6. O-O c6 7. Qc2 Nbd7 8. Rd1 b6 9. Nbd2 Bb7 10. e4 Rc8 11. e5 Ne8 12. cxd5 cxd5 13. Qb1 b5 14. b3 a5 15. Bb2 Qb6 16. Bf1 Nc7 17. h4 Na6 18. h5 Nb4 19. a3 Nc6 20. Bd3 h6 21. Nf1 Rfd8 22. Ne3 Nf8 23. Ng4 Ba6 24. Bc1 b4 25. Bxa6 Qxa6 26. a4 Qb6 27. Be3 Rc7 28. Qd3 Rdc8 29. Qd2 f5 30. exf6 Bxf6 31. Nxf6+ gxf6 32. Bxh6 Ne7 33. Qf4 Nf5 34. Nh4 Nxh6 35. Qxh6 f5 36. Nxf5 Nh7 37. Qg6+ Kh8 38. Re1 Nf8 39. Qf6+ Kh7 40. Ne7 Rd8 41. Qf7+ Kh6 42. Ng8+ Kg5 43. Re5+ Kg4 44. Qf4+ 1-0


[Site "https://www.chess.com"]

[Event "Titled Tuesday Blitz May 03 Late 2022"]
[White "Karas, Marek"]
[Black "Guz, Ari"]
[WhiteFideId "14928558"]
[BlackFideId "2825759"]
[WhiteElo "2271"]
[BlackElo "1913"]
[Result "0-1"]
[Round "02"]
[TimeControl "180+1"]
[Date "2022.05.03"]
[WhiteClock "0:00:11"]
[BlackClock "0:00:20"]

1. c4 c6 2. Nf3 d5 3. d4 Nf6 4. Nc3 e6 5. g3 dxc4 6. Bg2 b5 7. O-O Bd6 8. e4 Bb4 9. e5 Nd5 10. Bd2 Bxc3 11. bxc3 O-O 12. Ng5 h6 13. Ne4 Nd7 14. Nd6 a6 15. a4 Qb6 16. f4 b4 17. Nxc4 Qa7 18. Be1 bxc3 19. Bf2 a5 20. Qc2 Ba6 21. Nd6 Bxf1 22. Rxf1 Rab8 23. f5 Rb2 24. Qe4 exf5 25. Nxf5 h5 26. Qh4 g6 27. Bxd5 cxd5 28. Ne7+ Kg7 29. Nxd5 c2 30. Be3 Rb1 31. Qg5 Rxf1+ 32. Kxf1 Qa6+ 33. Kf2 Re8 34. Ne7 Rxe7 35. Qxe7 Qc6 36. Qg5 Nf8 37. h4 Ne6 38. Qf6+ Kg8 39. Qe7 c1=Q 40. Bxc1 Qxc1 41. Qe8+ Kg7 42. d5 Qd2+ 43. Kf3 Qxd5+ 44. Kf2 Qxe5 45. Kg1 Qf6 46. Kh2 Qf2+ 47. Kh3 Qf3 48. Qb8 Nf4+ 49. Qxf4 Qxf4 50. gxf4 Kf6 51. Kg3 Kf5 52. Kf3 f6 53. Ke3 Kg4 54. Ke4 Kxh4 55. f5 g5 56. Kd5 g4 57. Ke6 g3 58. Kxf6 g2 59. Ke7 g1=Q 60. f6 Qf2 61. f7 Kg5 62. f8=Q Qxf8+ 0-1


[Site "https://www.chess.com"]

[Event "Titled Tuesday Blitz May 03 Late 2022"]
[White "Karttunen, Mika"]
[Black "Cabarkapa, Novak"]
[WhiteFideId "502081"]
[BlackFideId "943746"]
[WhiteElo "2343"]
[BlackElo "2443"]
[Result "0-1"]
[Round "02"]
[TimeControl "180+1"]
[Date "2022.05.03"]
[WhiteClock "0:01:19"]
[BlackClock "0:02:25"]

1. d4 Nf6 2. c4 g6 3. Nc3 Bg7 4. e4 d6 5. f3 O-O 6. Be3 c6 7. Qd2 a6 8. Nge2 b5 9. c5 dxc5 10. dxc5 Qc7 11. Ng3 Rd8 12. Qf2 h5 13. Be2 h4 14. Nf1 h3 15. g4 Nbd7 16. f4 b4 17. g5 bxc3 18. gxf6 cxb2 19. Rb1 Nxf6 20. Ng3 Qa5+ 0-1


[Site "https://www.chess.com"]

[Event "Titled Tuesday Blitz May 03 Late 2022"]
[White "Kate1606"]
[Black "Yang, Cayden"]
[BlackFideId "30967260"]
[WhiteElo "2123"]
[BlackElo "2467"]
[Result "1-0"]
[Round "02"]
[TimeControl "180+1"]
[Date "2022.05.03"]
[WhiteClock "0:00:10"]
[BlackClock "0:00:16"]

1. e4 c5 2. a3 a5 3. Nf3 g6 4. d4 cxd4 5. Qxd4 Nf6 6. e5 Nc6 7. Qa4 Nd5 8. Qe4 Nc7 9. Nc3 Bg7 10. Bf4 O-O 11. O-O-O Ne6 12. Be3 f5 13. exf6 Bxf6 14. Nd5 Bg7 15. h4 Nc7 16. Bb6 Nxd5 17. Bxd8 Nf6 18. Qe3 Rxd8 19. h5 Nxh5 20. Rxh5 gxh5 21. Bc4+ e6 22. Qg5 d5 23. Bd3 e5 24. Nxe5 Be6 25. Nxc6 bxc6 26. Qxh5 h6 27. Qg6 Bf7 28. Qh7+ Kf8 29. Qf5 Rab8 30. c3 Rd6 31. Qf4 Rbd8 32. Kc2 R8d7 33. Re1 Kg8 34. Qf5 Kf8 35. Re3 Re7 36. Rxe7 Kxe7 37. g4 Bf6 38. Qf3 Re6 39. Bf5 Re5 40. Kb3 Kd6 41. Qd3 1-0


[Site "https://www.chess.com"]

[Event "Titled Tuesday Blitz May 03 Late 2022"]
[White "Kazakouski, Valery"]
[Black "Derraugh, Geordie"]
[WhiteFideId "13507443"]
[BlackFideId "2603950"]
[WhiteElo "2524"]
[BlackElo "2116"]
[Result "1-0"]
[Round "02"]
[TimeControl "180+1"]
[Date "2022.05.03"]
[WhiteClock "0:00:12"]
[BlackClock "0:00:03"]

1. d4 Nf6 2. c4 g6 3. Nc3 d5 4. Nf3 Bg7 5. h4 h5 6. Bg5 dxc4 7. e3 Bg4 8. Bxc4 O-O 9. Qb3 Bxf3 10. gxf3 Qc8 11. Rc1 Nc6 12. Bd3 Na5 13. Qc2 c5 14. Bxf6 exf6 15. Nd5 Qd7 16. Qxc5 Rac8 17. Qxc8 Rxc8 18. Rxc8+ Kh7 19. Rc5 b6 20. Rb5 Qc6 21. Ke2 Nc4 22. Nc3 Nxb2 23. Rxb2 Qxc3 24. Rc2 Qa3 25. Rb1 f5 26. Rb3 Qe7 27. Rbc3 Qxh4 28. Rc7 f4 29. Rxf7 fxe3 30. fxe3 Qh2+ 31. Kd1 Qg1+ 32. Kd2 Kg8 33. Rcc7 Bh6 34. f4 Qa1 35. Rfd7 Qb2+ 36. Bc2 Qb4+ 37. Ke2 Qb5+ 38. Kf2 Qb2 39. Kf3 h4 40. Bb3+ 1-0


[Site "https://www.chess.com"]

[Event "Titled Tuesday Blitz May 03 Late 2022"]
[White "Kholin, Aleksandr"]
[Black "Yaran, Siar"]
[WhiteFideId "14179385"]
[BlackFideId "6323006"]
[WhiteElo "2464"]
[BlackElo "2731"]
[Result "0-1"]
[Round "02"]
[TimeControl "180+1"]
[Date "2022.05.03"]
[WhiteClock "0:01:54"]
[BlackClock "0:01:51"]

1. d4 Nf6 2. c4 e6 3. Nf3 d5 4. Nc3 Be7 5. cxd5 exd5 6. Bg5 c6 7. e3 Bf5 8. Bd3 Bxd3 9. Qxd3 Nbd7 10. O-O O-O 11. Rab1 a5 12. a3 Re8 13. Qc2 Ra6 14. b4 axb4 15. axb4 b5 16. Rfc1 Qa8 17. h3 Nb6 18. Ne5 Nc4 19. Nxc4 dxc4 20. Rd1 Ra3 21. e4 Rxc3 22. Qxc3 Nxe4 0-1


[Site "https://www.chess.com"]

[Event "Titled Tuesday Blitz May 03 Late 2022"]
[White "Koelle, Tobias"]
[Black "Fedoseev, Vladimir"]
[WhiteFideId "16207378"]
[BlackFideId "24130737"]
[WhiteElo "2541"]
[BlackElo "2726"]
[Result "0-1"]
[Round "02"]
[TimeControl "180+1"]
[Date "2022.05.03"]
[WhiteClock "0:00:33"]
[BlackClock "0:00:10"]

1. Nf3 d5 2. e3 Nf6 3. c4 e6 4. b3 Be7 5. Bb2 O-O 6. Be2 b6 7. O-O Bb7 8. d4 dxc4 9. bxc4 c5 10. Nc3 cxd4 11. exd4 Nc6 12. Qd2 Rc8 13. Rfd1 Na5 14. Ne5 Nd7 15. Qf4 Bd6 16. Nb5 Bb8 17. Ba3 f6 18. Qg4 fxe5 19. Qxe6+ Kh8 20. dxe5 Qg5 21. Bf1 Nc5 22. Bxc5 Rxc5 23. Nd6 Bxd6 24. exd6 Qf4 25. f3 Re5 26. Qh3 Nc6 27. d7 Rd8 28. Bd3 Qh6 29. Qg4 Re7 30. Be4 Ne5 31. Qf5 Bxe4 32. fxe4 Nxd7 33. e5 Qc6 34. Kh1 Rf8 35. Qg4 Nxe5 36. Qg3 Nxc4 37. h3 Rfe8 38. Rac1 h6 39. a4 Qxa4 40. Rd4 b5 41. Kh2 Qa3 42. Rf1 Qxg3+ 43. Kxg3 a5 44. Rd5 Re5 45. Rd7 Rg5+ 46. Kh4 Rxg2 47. Rd4 Ne3 48. Rf3 Rg5 49. Rxe3 Rxe3 50. Rd8+ Kh7 51. Rh8+ Kg6 52. Rxh6+ Kf7 53. Rf6+ Ke7 54. Re6+ Kxe6 55. Kxg5 Rxh3 56. Kg4 Re3 57. Kg5 Re5+ 0-1


[Site "https://www.chess.com"]

[Event "Titled Tuesday Blitz May 03 Late 2022"]
[White "Koellner, Ruben Gideon"]
[Black "Martinez Alcantara, Jose Eduardo"]
[WhiteFideId "12993093"]
[BlackFideId "3805662"]
[WhiteElo "2617"]
[BlackElo "2690"]
[Result "0-1"]
[Round "02"]
[TimeControl "180+1"]
[Date "2022.05.03"]
[WhiteClock "0:00:04"]
[BlackClock "0:00:13"]

1. d4 Nf6 2. Bg5 d5 3. e3 c5 4. Bxf6 gxf6 5. dxc5 e6 6. c4 dxc4 7. Nd2 Bxc5 8. Bxc4 Bd7 9. Qg4 Nc6 10. Ngf3 Qe7 11. a3 f5 12. Qg7 O-O-O 13. b4 Bd6 14. g3 Kb8 15. Qb2 h5 16. h4 e5 17. Ng5 Rhf8 18. Nh7 Rg8 19. Ng5 Rg7 20. Qb3 Rf8 21. O-O-O e4 22. Bd5 Rc8 23. Kb1 Ne5 24. Nc4 Nxc4 25. Bxc4 Be8 26. Rd2 Be5 27. Rhd1 Rg6 28. Bxf7 Rgc6 29. Be6 a6 30. Bxc8 Rxc8 31. Rc2 Rd8 32. Rd5 Bc6 33. Rdd2 Rxd2 34. Rxd2 Bb5 35. Qe6 Qc7 36. Qb3 Ka7 37. Rc2 Qd7 38. Ka2 Ba4 39. Qc4 Bxc2 40. Qxc2 Qd5+ 41. Qb3 Qd2+ 42. Kb1 Qe1+ 43. Ka2 Qxf2+ 44. Kb1 Qg1+ 45. Kc2 Qxg3 46. Qd5 Qf2+ 47. Kb1 Qb2# 0-1


[Site "https://www.chess.com"]

[Event "Titled Tuesday Blitz May 03 Late 2022"]
[White "Kollars, Dmitrij"]
[Black "Korchmar, Vasiliy"]
[WhiteFideId "12909572"]
[BlackFideId "24131750"]
[WhiteElo "2584"]
[BlackElo "2370"]
[Result "1/2-1/2"]
[Round "02"]
[TimeControl "180+1"]
[Date "2022.05.03"]
[WhiteClock "0:00:05"]
[BlackClock "0:00:05"]

1. d4 d5 2. c4 c6 3. Nf3 Nf6 4. Nc3 e6 5. e3 Nbd7 6. Qc2 Bd6 7. b3 O-O 8. Be2 b6 9. O-O Bb7 10. Bb2 Rc8 11. Rad1 Qe7 12. Rfe1 Rfd8 13. Bf1 c5 14. cxd5 exd5 15. Qf5 Nf8 16. dxc5 bxc5 17. Nb5 Bb8 18. Bxf6 Qxf6 19. Qxf6 gxf6 20. Nh4 Ne6 21. Nf5 Kf8 22. g3 a6 23. Nc3 Be5 24. Na4 Bc6 25. f4 Bc7 26. Nb2 Ba5 27. Re2 d4 28. Nc4 Bc3 29. Bg2 Bb5 30. Rc2 Bxc4 31. bxc4 Rb8 32. Bd5 Nc7 33. Bf3 Ne6 34. Kg2 Rb4 35. Bd5 Rdb8 36. exd4 cxd4 37. Bxe6 fxe6 38. Nxd4 Rb2 39. Rxb2 Rxb2+ 40. Kh3 Bxd4 41. Rxd4 Rxa2 42. Rd7 h6 43. Ra7 a5 44. c5 a4 45. c6 Rc2 46. c7 Ke8 47. Ra8+ Kd7 48. Rxa4 Rxc7 49. Ra8 Rc5 50. Rh8 Rh5+ 51. Kg2 Ke7 52. Rh7+ Kf8 53. h3 Kg8 54. Re7 Rd5 55. Rxe6 Kf7 56. Re3 h5 57. Kf3 Kg6 58. Ke4 Ra5 59. Rd3 Ra4+ 60. Ke3 Rb4 61. Kf3 Ra4 62. Re3 Rb4 63. Ke2 Rb2+ 64. Kd3 Rb4 65. Kc3 Ra4 66. Kb3 Ra1 67. Kc4 Rh1 68. h4 Kf5 69. Kd5 Rd1+ 70. Kc6 Kg4 71. Re6 Kxg3 72. Rxf6 Kxh4 73. Rg6 Rf1 74. Kd5 Rxf4 75. Ke5 Rg4 76. Rh6 Rg1 77. Kf4 Rf1+ 78. Ke3 Kg4 79. Rg6+ Kh3 80. Rg8 h4 81. Ke2 Rf6 82. Rg7 Kh2 83. Rg8 h3 84. Rg7 Kh1 85. Rg8 h2 86. Rg7 Re6+ 87. Kf2 Rf6+ 88. Ke2 Ra6 89. Kf2 Ra2+ 90. Kf1 Ra1+ 91. Kf2 Rg1 92. Rc7 Rg2+ 93. Kf1 Ra2 94. Rg7 Ra1+ 95. Kf2 Ra8 96. Kf1 Rf8+ 97. Ke2 Re8+ 98. Kf2 Rc8 99. Kf1 Rc1+ 100. Kf2 Rg1 101. Rc7 Rg2+ 102. Kf1 Rg8 103. Kf2 Rf8+ 104. Ke2 Re8+ 105. Kf2 Rf8+ 106. Ke2 Rg8 107. Kf2 Rg2+ 1/2-1/2


[Site "https://www.chess.com"]

[Event "Titled Tuesday Blitz May 03 Late 2022"]
[White "Koziorowicz, Michal"]
[Black "Lashkin, Jegor"]
[WhiteFideId "21809194"]
[BlackFideId "13907808"]
[WhiteElo "2235"]
[BlackElo "2368"]
[Result "0-1"]
[Round "02"]
[TimeControl "180+1"]
[Date "2022.05.03"]
[WhiteClock "0:01:15"]
[BlackClock "0:00:18"]

1. e4 c5 2. Nf3 d6 3. Bb5+ Nd7 4. d4 cxd4 5. Qxd4 a6 6. Bxd7+ Bxd7 7. O-O Rc8 8. Nc3 e5 9. Qd3 h6 10. Rd1 Nf6 11. Nd2 Qc7 12. Nf1 Bg4 13. f3 Be6 14. Ne3 Be7 15. Kh1 O-O 16. Bd2 b5 17. Rac1 Qb7 18. Be1 Rc5 19. Bf2 Rc7 20. Ned5 Nxd5 21. Nxd5 Bxd5 22. Qxd5 Qxd5 23. Rxd5 Bg5 24. Rb1 Rxc2 25. Bg1 Be7 26. a4 bxa4 27. Ra5 Rc6 28. Rxa4 Rb8 29. b4 Kf8 30. Rba1 Ke8 31. Rxa6 Rxa6 32. Rxa6 Rxb4 33. h3 Kd7 34. Kh2 Ke6 35. Bf2 Rb3 36. Bg3 h5 37. h4 g6 38. Ra8 Bf6 39. Ra6 Rb8 40. Kh3 Bd8 41. Kh2 Bb6 42. Be1 Bc5 43. Ra2 f5 44. exf5+ gxf5 45. Re2 d5 46. Bg3 Bd4 47. Bxe5 Bxe5+ 48. f4 d4 49. Rxe5+ Kd6 50. Kg3 d3 51. Kf3 Rb1 52. Re3 Rd1 53. Kf2 Kd5 54. Re8 Rd2+ 55. Ke3 Re2+ 0-1


[Site "https://www.chess.com"]

[Event "Titled Tuesday Blitz May 03 Late 2022"]
[White "Maksimovic, Bojan"]
[Black "Zhang, Derek"]
[WhiteFideId "14408120"]
[BlackFideId "2087871"]
[WhiteElo "2448"]
[BlackElo "2085"]
[Result "0-1"]
[Round "02"]
[TimeControl "180+1"]
[Date "2022.05.03"]
[WhiteClock "0:00:01"]
[BlackClock "0:01:20"]

1. d4 d6 2. e4 e5 3. Nf3 exd4 4. Nxd4 Nf6 5. Nc3 Be7 6. Be2 O-O 7. O-O Re8 8. Bf4 Bf8 9. Bf3 Nbd7 10. h3 Ne5 11. Bh2 c6 12. Re1 Qc7 13. Qe2 b5 14. Rad1 a5 15. b3 Ba6 16. Qe3 Rad8 17. Nf5 Bc8 18. Nd4 Qb6 19. Be2 Ng6 20. Qd3 d5 21. exd5 Nxd5 22. Nxd5 Rxd5 23. c3 c5 24. Qf3 Bb7 25. Qg3 cxd4 26. cxd4 Rxd4 27. Rxd4 Qxd4 28. Kf1 Qd2 29. Qf3 Bxf3 0-1


[Site "https://www.chess.com"]

[Event "Titled Tuesday Blitz May 03 Late 2022"]
[White "Marin Masis, Jose Esteban"]
[Black "Vujic, Mihailo"]
[WhiteFideId "6508146"]
[BlackFideId "918873"]
[WhiteElo "1710"]
[BlackElo "2256"]
[Result "0-1"]
[Round "02"]
[TimeControl "180+1"]
[Date "2022.05.03"]
[WhiteClock "0:01:53"]
[BlackClock "0:02:44"]

1. e4 e5 2. Nf3 Nc6 3. d4 exd4 4. Bc4 Nf6 5. O-O Nxe4 6. Re1 d5 7. Bxd5 Qxd5 8. Nc3 Qh5 9. Nxe4 Be6 10. Neg5 O-O-O 11. Nxe6 fxe6 12. Rxe6 Bd6 13. Qe1 d3 14. c3 Rhe8 15. Bd2 Ne5 16. Rxe8 Nxf3+ 17. gxf3 Qxh2+ 0-1


[Site "https://www.chess.com"]

[Event "Titled Tuesday Blitz May 03 Late 2022"]
[White "Matinian, Nikita"]
[Black "Jacobson, Aaron"]
[WhiteFideId "24129100"]
[BlackFideId "2089912"]
[WhiteElo "2754"]
[BlackElo "2530"]
[Result "1-0"]
[Round "02"]
[TimeControl "180+1"]
[Date "2022.05.03"]
[WhiteClock "0:00:34"]
[BlackClock "0:00:08"]

1. e4 f5 2. exf5 Nf6 3. d4 d5 4. Bd3 c5 5. dxc5 e6 6. fxe6 Bxc5 7. Nf3 O-O 8. Bg5 Bxe6 9. O-O h6 10. Bh4 Nc6 11. Nc3 g5 12. Bg3 Bg4 13. h3 Bh5 14. Re1 Nd4 15. Nxd4 Bxd1 16. Ne6 Qe7 17. Raxd1 Rfe8 18. Bg6 Rec8 19. Nxc5 Qxc5 20. Be5 Ne4 21. Bd4 Qc6 22. Nxd5 Qxd5 23. Bxe4 Qxa2 24. Bxb7 Qc4 25. c3 Rd8 26. Bxa8 Rxa8 27. Re7 Qb5 28. b4 Re8 29. Rxa7 Qe2 30. Rda1 h5 31. Rg7+ Kf8 32. Raa7 Qd1+ 33. Kh2 Re1 34. Bc5+ Re7 35. Raxe7 g4 36. Rd7+ Qd6+ 37. Bxd6+ Ke8 38. Rde7+ Kf8 39. Ra7+ Ke8 40. Ra8# 1-0


[Site "https://www.chess.com"]

[Event "Titled Tuesday Blitz May 03 Late 2022"]
[White "Melikhov, Evgeny V."]
[Black "Ronka, Erik"]
[WhiteFideId "4122046"]
[BlackFideId "505080"]
[WhiteElo "1931"]
[BlackElo "2264"]
[Result "1-0"]
[Round "02"]
[TimeControl "180+1"]
[Date "2022.05.03"]
[WhiteClock "0:00:14"]
[BlackClock "0:00:12"]

1. d4 d5 2. c4 e6 3. Nc3 a6 4. cxd5 exd5 5. Nf3 Nf6 6. Bg5 Be6 7. e3 Nbd7 8. Bd3 h6 9. Bh4 g5 10. Bg3 Nh5 11. Qc2 c5 12. dxc5 Nxc5 13. Nd4 Bg7 14. Nf5 Bxf5 15. Bxf5 Nxg3 16. hxg3 O-O 17. O-O Ne6 18. Rad1 Nc7 19. Qe2 Bxc3 20. bxc3 Qf6 21. Bb1 Rad8 22. Qd3 Qg7 23. g4 Ne6 24. Qf5 Rfe8 25. Rxd5 Rxd5 26. Qxd5 Re7 27. Qf5 Rc7 28. Rc1 Rxc3 29. Rxc3 Qxc3 30. Kh2 Qc7+ 31. g3 Kf8 32. Qh7 Qe5 33. Bf5 Ng7 34. Qxh6 Ke7 35. Qxg5+ Kd6 36. Qd8+ Kc5 37. Qa5+ Kd6 38. Qxe5+ Kxe5 39. f4+ Kd5 40. Bd3 b5 41. g5 b4 42. Bxa6 Kc5 43. Bd3 Ne6 44. g4 Nc7 45. f5 Nd5 46. g6 fxg6 47. fxg6 Nxe3 48. Kg3 Nd5 49. g7 Ne7 50. g5 Kd4 51. Bh7 Kc3 52. g8=Q Nxg8 53. Bxg8 Kb2 54. Bb3 Ka3 55. g6 Kb2 56. g7 Ka3 57. g8=Q 1-0


[Site "https://www.chess.com"]

[Event "Titled Tuesday Blitz May 03 Late 2022"]
[White "Melikyan, Gnel"]
[Black "Nakamura, Hikaru"]
[WhiteFideId "54109990"]
[BlackFideId "2016192"]
[WhiteElo "1772"]
[BlackElo "2850"]
[Result "0-1"]
[Round "02"]
[TimeControl "180+1"]
[Date "2022.05.03"]
[WhiteClock "0:00:20"]
[BlackClock "0:01:55"]

1. e4 c6 2. d4 d5 3. f3 e6 4. Nc3 Bb4 5. Bf4 Nf6 6. Qd3 b6 7. Ne2 Ba6 8. Qe3 Nbd7 9. O-O-O O-O 10. a3 Be7 11. Kb1 b5 12. Na2 c5 13. dxc5 Bxc5 14. Qd2 dxe4 15. fxe4 Nxe4 16. Qxd7 Nf2 17. Qxd8 Raxd8 18. Rxd8 Rxd8 19. Rg1 Nh3 20. gxh3 Rd1+ 21. Nec1 Bxg1 22. Be2 Rd8 23. Nb4 Bb7 24. Bxb5 h6 25. Ncd3 Bb6 26. Nc6 Ra8 27. Ne7+ Kh8 28. Ne5 g5 29. Bd2 f6 30. Ng4 Bc5 31. Nc6 a6 32. Ba4 Kg7 33. Bc3 e5 34. Ne7 Bxe7 0-1


[Site "https://www.chess.com"]

[Event "Titled Tuesday Blitz May 03 Late 2022"]
[White "Melkumyan, Hrant"]
[Black "Sernecki, Franciszek"]
[WhiteFideId "13302485"]
[BlackFideId "1169297"]
[WhiteElo "2604"]
[BlackElo "2165"]
[Result "1-0"]
[Round "02"]
[TimeControl "180+1"]
[Date "2022.05.03"]
[WhiteClock "0:01:34"]
[BlackClock "0:00:04"]

1. d4 Nf6 2. c4 e6 3. Nc3 Bb4 4. e3 O-O 5. Bd3 d5 6. cxd5 exd5 7. Ne2 c5 8. dxc5 Bxc5 9. O-O Nc6 10. b3 Bg4 11. h3 Bh5 12. Bb2 Re8 13. Rc1 Bb6 14. Na4 Bc7 15. Qc2 Nb4 16. Qb1 Qd6 17. Rxc7 Qxc7 18. Bxf6 Nxd3 19. Qxd3 Bxe2 20. Qxe2 gxf6 21. Qg4+ Kh8 22. Qf3 Qe5 23. Nc5 Re7 24. Rd1 Rd8 25. Nd3 Qe4 26. Qxf6+ Kg8 27. Nf4 d4 28. Nh5 Qe5 29. Qh4 d3 30. Nf6+ Kg7 31. Ng4 Qe6 32. Qg5+ Kh8 33. Nf6 d2 34. Rxd2 Rf8 35. Qh6 Qf5 36. Qxf8# 1-0


[Site "https://www.chess.com"]

[Event "Titled Tuesday Blitz May 03 Late 2022"]
[White "Migot, Tangi"]
[Black "Ovezdurdyyeva, Jemal"]
[WhiteFideId "662445"]
[BlackFideId "14001888"]
[WhiteElo "2501"]
[BlackElo "1946"]
[Result "1-0"]
[Round "02"]
[TimeControl "180+1"]
[Date "2022.05.03"]
[WhiteClock "0:00:20"]
[BlackClock "0:00:11"]

1. Nf3 Nf6 2. g3 g6 3. Bg2 d5 4. O-O Bg7 5. c4 O-O 6. cxd5 Nxd5 7. Nc3 c6 8. d3 Na6 9. Bd2 Nac7 10. Rc1 Be6 11. Nxd5 Bxd5 12. Qa4 Nb5 13. Qh4 Bxb2 14. Rb1 Bg7 15. a4 Nd6 16. e4 Ba2 17. Ra1 Bxa1 18. Rxa1 Bb3 19. Qh6 f6 20. Bc3 Rf7 21. Bh3 Qf8 22. Qc1 Rg7 23. Qb2 Bf7 24. e5 Bd5 25. exd6 Bxf3 26. Be6+ Rf7 27. d7 Qd8 28. Re1 Kg7 29. Bxf7 Kxf7 30. Qxb7 Bg4 31. Ba5 Rb8 32. Bxd8 Rxb7 33. Rxe7+ Kf8 34. Rxh7 Rxd7 35. Rxd7 Bxd7 36. Bxf6 a5 37. Bd4 Kf7 38. Bc5 Be6 39. d4 Bb3 40. Bb6 Bxa4 41. Bxa5 Bb3 42. Bb4 Bd5 43. Bc5 Ke6 44. Kf1 Kf5 45. h3 Be4 46. Ke2 Bd5 47. Ke3 Bg2 48. h4 Kg4 49. Bd6 Bd5 50. Bf4 Bg2 51. Bg5 Bd5 52. Kd3 Bg2 53. Kc4 Bd5+ 54. Kc5 Kf3 55. Be3 Kg4 56. Kd6 Be4 57. Ke5 Bd5 58. Kf6 Kh5 59. Ke5 Kg4 60. Kd6 Kh5 61. Ke7 Kg4 62. Kf8 Kh5 63. Kg7 Be4 64. Kf6 Bd5 65. Bd2 Be4 66. Ke5 Bd5 67. Kf4 Bg2 68. f3 Bh1 69. Be1 Kh6 70. g4 Kg7 71. Bb4 Kf6 72. Bc3 Kg7 73. h5 gxh5 74. d5+ Kh6 75. dxc6 h4 76. c7 1-0


[Site "https://www.chess.com"]

[Event "Titled Tuesday Blitz May 03 Late 2022"]
[White "Mogranzini, Roberto"]
[Black "Keller, Peter"]
[WhiteFideId "810894"]
[BlackFideId "1272105"]
[WhiteElo "2469"]
[BlackElo "2275"]
[Result "1-0"]
[Round "02"]
[TimeControl "180+1"]
[Date "2022.05.03"]
[WhiteClock "0:00:27"]
[BlackClock "0:00:13"]

1. Nf3 d5 2. b3 Nf6 3. Bb2 e6 4. g3 c5 5. Bg2 Nc6 6. O-O Be7 7. c4 d4 8. e3 O-O 9. exd4 cxd4 10. Re1 a5 11. Ne5 Nxe5 12. Rxe5 Bd6 13. Rb5 e5 14. d3 Rb8 15. Ba3 Re8 16. Bxd6 Qxd6 17. Rxa5 Bg4 18. Qd2 e4 19. dxe4 Nxe4 20. Bxe4 Rxe4 21. Nc3 Re6 22. Nb5 Qb6 23. c5 Qxc5 24. Qxd4 Qc6 25. Qxg4 Rbe8 26. Rf1 Re1 27. Qh3 Qc1 28. Nd4 h6 29. Nf3 Rd1 30. Re5 Red8 31. Re7 Rxf1+ 32. Qxf1 Rd1 33. Re1 Rxe1 34. Qxe1 1-0


[Site "https://www.chess.com"]

[Event "Titled Tuesday Blitz May 03 Late 2022"]
[White "Moiseenko, Alexander"]
[Black "Stearman, Josiah"]
[WhiteFideId "14102560"]
[BlackFideId "2062496"]
[WhiteElo "2577"]
[BlackElo "2402"]
[Result "1-0"]
[Round "02"]
[TimeControl "180+1"]
[Date "2022.05.03"]
[WhiteClock "0:02:30"]
[BlackClock "0:02:35"]

1. d4 d5 2. c4 c6 3. Nc3 Nf6 4. Nf3 dxc4 5. a4 Bf5 6. Nh4 Bc8 7. e3 g6 8. Bxc4 Bg7 9. O-O O-O 10. h3 Nd5 11. Nf3 b6 12. e4 Nxc3 13. bxc3 c5 14. Bd5 1-0


[Site "https://www.chess.com"]